 Dungeon Crawl Stone Soup version 0.23.2-40-g277498a001 (webtiles) character file.

Game seed: 11199783631737437676

2977 Kikorro the Slicer (level 9, -5/75 HPs)
             Began as a Purple Draconian Fighter on Sept 2, 2019.
             Was a Follower of Okawaru.
             Slain by a polar bear (16 damage)
             ... on level 8 of the Dungeon.
             The game lasted 00:29:45 (8641 turns).

Kikorro the Slicer (Purple Draconian Fighter)       Turns: 8641, Time: 00:29:46

Health: -5/75      AC:  8    Str: 23    XL:     9   Next: 53%
Magic:  9/9        EV: 13    Int:  8    God:    Okawaru [*.....]
Gold:   503        SH: 10    Dex: 10    Spells: 8/8 levels left

rFire    x . .     SeeInvis .   a - +0 rapier
rCold    + . .     Gourm    .   m - +0 shield
rNeg     . . .     Faith    .   (armour unavailable)
rPois    .         Spirit   .   (helmet restricted)
rElec    .         Reflect  .   (no cloak)
rCorr    .         Harm     .   v - +0 pair of gloves
MR       +....                  (no boots)
Stlth    ++........             u - amulet of regeneration
HPRegen  0.62/turn              s - ring of ice
MPRegen  0.11/turn              (no ring)

@: no status effects
A: breathe power, unfitting armour, cold-blooded, AC +7
a: Breathe Dispelling Energy, Heroism, Renounce Religion


You were on level 8 of the Dungeon.
You worshipped Okawaru.
Okawaru was aware of your devotion.
You were not hungry.

You visited 2 branches of the dungeon, and saw 9 of its levels.

You collected 503 gold pieces.

Inventory:

Hand Weapons
 a - a +0 rapier (weapon)
Armour
 m - a +0 shield (worn)
 v - a +0 pair of gloves (worn)
Jewellery
 s - a ring of ice (left hand)
 u - an amulet of regeneration (around neck)
Wands
 e - a wand of scattershot (8)
 h - a wand of polymorph (2)
 B - a wand of flame (19)
Scrolls
 b - 2 scrolls of magic mapping {unknown}
 g - a scroll of fear
 i - 4 scrolls of enchant weapon
 j - 2 scrolls of amnesia
 n - 2 scrolls of blinking
 o - 4 scrolls of remove curse
 q - 5 scrolls of teleportation
 x - a scroll of brand weapon {unknown}
 y - a scroll of enchant armour {unknown}
 A - a scroll of torment {unknown}
Potions
 c - 4 potions of might
 k - 3 potions of brilliance
 l - a potion of cancellation {unknown}
 p - 5 potions of curing
 r - 2 potions of magic {unknown}
 t - a potion of haste
 w - 2 potions of heal wounds {unknown}
 z - a potion of ambrosia
Comestibles
 d - 16 rations
 f - 5 chunks of flesh


   Skills:
 + Level 6.2 Fighting
 + Level 8.2 Short Blades
 + Level 6.2 Dodging
 + Level 3.7 Stealth
 + Level 6.7 Shields
 + Level 0.2 Unarmed Combat


You had 8 spell levels left.
You didn't know any spells.
Your spell library was empty.

Dungeon Overview and Level Annotations

Branches:
Dungeon (8/15)             Temple (1/1) D:7
   Lair: D:8-11

Altars:
Ashenzari
Elyvilon
Gozag
Hepliaklqana
Nemelex Xobeh
Okawaru
Qazlal
Ru
Sif Muna
Uskayaw
Vehumet
Wu Jian
Xom
Yredelemnul
Zin

Shops:
D:7 :


Innate Abilities, Weirdness & Mutations

You can breathe bolts of dispelling energy.
Your rich purple scales are hard. (AC +7)
You cannot fit into any form of body armour.
You are cold-blooded and may be slowed by cold attacks.


Message History

The polar bear closely misses you. You block the polar bear's attack.
The polar bear claws you but does no damage.
The polar bear rages.
You block the polar bear's attack.
The polar bear claws you but does no damage.
The polar bear claws you.
* * * LOW HITPOINT WARNING * * *
The polar bear bites you!
* * * LOW HITPOINT WARNING * * *
You block the polar bear's attack. The polar bear closely misses you.
You block the polar bear's attack. The polar bear closely misses you.
The polar bear claws you.
* * * LOW HITPOINT WARNING * * *
You feel better. The polar bear misses you.
The polar bear claws you but does no damage.
The polar bear barely misses you.
You hit the polar bear but do no damage.
The polar bear is almost dead.
The polar bear bites you!
You die...

§§.## #....≈..≈.. .§.. .#
##.≈.≈.≈≈.. ... ##.## #...≈.≈≈..
..### ##...## #..≈≈.≈..#
#.#.######## ##...#.# #..≈≈.....
...........# #......# #..≈≈.....
...#.......###.#..#.####..≈......
#.##..............#.##...≈≈......
#.##...........h@........≈.......
#.##..............#)##...≈.......
#.##..............#)#####≈.......
#.##..............÷)# #≈......
#.#######.#.......### #≈..#...
..#######.#.......# ...####
###........###.#.### #.##
###................# #
...........###.###.# #.


You could see a polar bear (berserk).

Vanquished Creatures
  2 yaks (D:8)
  A water moccasin (D:8)
  2 orc warriors (D:6)
  2 sky beasts
  An ice beast (D:5)
  A necrophage (D:8)
  2 ogres
  A phantom (D:5)
  2 centaurs (D:6)
  5 bullfrogs
  2 electric eels (D:8)
  A crimson imp (D:6)
  A howler monkey (D:7)
  A quasit (D:6)
  2 jellies
  A centaur zombie (D:8)
  2 hounds (D:6)
  8 orc wizards
  A bullfrog skeleton (D:4)
  4 orc priests
  2 iguanas
  Jessica (D:2)
  Ijyb (D:3)
  8 worker ants
  A howler monkey zombie (D:6)
  9 adders
  3 gnolls (D:4)
  A howler monkey skeleton (D:5)
  A shadow imp (D:8)
  3 white imps (D:8)
  A worker ant simulacrum (D:8)
  2 oozes
  An ufetubus (D:8)
  2 worms
  2 leopard geckos
  25 orcs
  3 bats
  12 giant cockroaches
  6 goblins
  6 hobgoblins
  3 jackals (D:7)
  9 kobolds
  8 quokkas
  2 ball pythons (D:4)
  4 frilled lizards
  2 leopard gecko zombies (D:7)
  9 rats
  A spectral orc (D:6)
170 creatures vanquished.

Notes
Turn   | Place    | Note
-------+----------+-------------------------------------------
     0 | D:1      | Kikorro the Draconian Fighter began the quest for the Orb.
     0 | D:1      | Reached XP level 1. HP: 19/19 MP: 1/1
   181 | D:1      | Reached XP level 2. HP: 23/26 MP: 2/2
  1395 | D:2      | Found a stormy altar of Qazlal.
  1422 | D:2      | Found a white marble altar of Elyvilon.
  1498 | D:2      | Noticed Jessica
  1500 | D:2      | Reached XP level 3. HP: 33/33 MP: 3/3
  1512 | D:2      | Killed Jessica
  1911 | D:3      | Reached skill level 3 in Short Blades
  1923 | D:3      | Reached XP level 4. HP: 40/40 MP: 4/4
  2547 | D:3      | Reached XP level 5. HP: 46/46 MP: 5/5
  2547 | D:3      | Noticed Ijyb
  2712 | D:3      | Killed Ijyb
  2788 | D:3      | Reached skill level 4 in Short Blades
  2822 | D:3      | Reached skill level 1 in Stealth
  3364 | D:4      | Noticed an ogre
  3557 | D:4      | Killed an ogre
  3557 | D:4      | Reached XP level 6. HP: 37/52 MP: 6/6
  4538 | D:5      | Entered Level 5 of the Dungeon
  4647 | D:5      | Noticed an ice beast
  4718 | D:5      | Killed an ice beast
  4849 | D:5      | Your scales start taking on a rich purple colour.
  4849 | D:5      | Reached XP level 7. HP: 56/60 MP: 7/7
  5100 | D:5      | Reached skill level 5 in Short Blades
  5718 | D:6      | Reached skill level 5 in Fighting
  5769 | D:6      | Found a shimmering altar of Xom.
  5781 | D:6      | Reached skill level 5 in Shields
  5781 | D:6      | Reached XP level 8. HP: 47/68 MP: 8/8
  5935 | D:6      | Reached skill level 6 in Short Blades
  6130 | D:6      | HP: 2/68 [orc warrior/+0 short sword (8)]
  6141 | D:6      | Found a basalt altar of Yredelemnul.
  6484 | D:6      | Found a shattered altar of Ashenzari.
  6718 | D:6      | Found an ornate altar of the Wu Jian Council.
  6882 | D:7      | Reached skill level 5 in Dodging
  7082 | D:7      | Found Luteg's Book Emporium.
  7321 | D:7      | Found a bloodstained altar of Trog.
  7323 | D:7      | Found a blossoming altar of Fedhas.
  7323 | D:7      | Found a shimmering altar of Xom.
  7325 | D:7      | Found a sparkling altar of Nemelex Xobeh.
  7325 | D:7      | Found a burning altar of Makhleb.
  7325 | D:7      | Found a deep blue altar of Sif Muna.
  7474 | D:7      | Reached skill level 7 in Short Blades
  7563 | D:7      | Found a staircase to the Ecumenical Temple.
  7573 | Temple   | Entered the Ecumenical Temple
  7606 | Temple   | Became a worshipper of Warmaster Okawaru
  7698 | D:8      | Reached XP level 9. HP: 48/75 MP: 9/9
  8063 | D:8      | Reached * piety under Okawaru
  8343 | D:8      | Reached skill level 8 in Short Blades
  8592 | D:8      | Noticed a polar bear
  8638 | D:8      | HP: 2/75 [polar bear (11)]
  8641 | D:8      | Slain by a polar bear

Skill      XL: |  1  2  3  4  5  6  7  8  9 |
---------------+----------------------------+-----
Dodging        | 3 4 5 6 |  6.2
Short Blades   | 3 4 5 7 8 |  8.2
Fighting       | 4 5 6 |  6.2
Stealth        | 1 2 3 |  3.7
Shields        | 4 5 6 |  6.7
Unarmed Combat | |  0.2

Action                   |  1- 3 |  4- 6 |  7- 9 || total
-------------------------+-------+-------+-------++-------
Melee: Rapier            |    89 |   186 |   560 ||   835
       Tailslap          |     5 |    24 |    65 ||    94
       Unarmed           |       |     4 |       ||     4
 Abil: Breathe Dispellin |       |       |     2 ||     2
  Use: Scroll            |     5 |     6 |     1 ||    12
       Potion            |       |     1 |     4 ||     5
 Stab: Sleeping          |       |     7 |     5 ||    12
  Eat: Chunk             |     3 |     6 |    13 ||    22
       Ration            |       |     1 |       ||     1
Armor: Skin              |    14 |    21 |   131 ||   166
Dodge: Dodged            |    31 |    77 |   211 ||   319
Block: Shield            |    39 |    63 |   253 ||   355
